Newt, chaotic male elven Priest ---- --- |..| ..-- -- |..| ...| -- .| --.--- ....*..| .. -- --<..---------......- .-- -- --.--....))).%..).......- -- ... |..........[(%-------........- ---.- -... -- --......--..-- .........| -.... |..- ----.)......| ........... .....----..| ---........| |............| -.........-- |........--- --.........-- |..........| ---.--.....| ---.......| |.....'@..- ---|...----..-- .....-- |.........---.--.-- ----- ---- --..........>.....| .....| -........................- |......------.......| ...| |..|..- --.--..-- | | ------ ------- Newt the Adept Experience level: 7 Strength: 17 Dexterity: 14 Constitution: 13 Intelligence: 11 Wisdom: 17 Charisma: 16 Health: 0(51) Energy: 82(98) Def: 6 Gold: 0 Moves: 4231 Dungeon seed: Vdc8P_IEIcGYaVMH Game ID: Newt_1615663728 Your Inventory: Weapons a - a blessed +1 mace (weapon in hand) Y - a blessed +0 crossbow (alternate weapon; not wielded) Z - 39 +0 crossbow bolts (in quiver) Armor n - a +1 small shield (being worn) q - a +0 dwarvish cloak (being worn) w - a +0 dwarvish iron helm (being worn) x - a blessed +0 pair of iron shoes (being worn) Comestibles c - 2 cloves of garlic d - a sprig of wolfsbane u - a food ration Rings i - a +1 ring of adornment (on right hand) P - a ring of stealth (on left hand) Wands A - a wand of striking (0:1) Tools h - an oil lamp (0:1341) j - a blessed bag of holding m - a leash o - a blessed partly used tallow candle (0:30) t - 6 wax candles (0:400) F - 7 blessed tallow candles (0:200) U - a skeleton key Gems e - 2 worthless pieces of yellow glass r - a worthless piece of green glass y - a worthless piece of red glass z - a worthless piece of violet glass N - a worthless piece of white glass Contents of the bag of holding: 404 gold pieces 4 +0 daggers 2 +0 orcish daggers a +0 dwarvish cloak a +0 dwarvish cloak a +0 dwarvish cloak a +0 dwarvish cloak a +0 dwarvish cloak a cursed -1 dwarvish mithril-coat a +1 dwarvish roundshield a +0 pair of iron shoes a +0 scale mail a lizard corpse a spellbook of extra healing a spellbook of healing a potion of blindness a potion of booze a potion of holy water a potion of levitation an oil lamp (0:1448) a +0 pick-axe 6 tallow candles (0:200) 7 wax candles (0:400) a wooden flute a worthless piece of blue glass 2 worthless pieces of green glass a worthless piece of orange glass 2 worthless pieces of red glass a worthless piece of violet glass 2 worthless pieces of yellow glass Spells and supernatural/magical abilities: Name Level Category Fail Memory h - healing 1 healing 27% 79% n - detect monsters 1 divination 44% 94% x - extra healing 3 healing 100% 79% W - pray for help -- divine ? -- X - turn undead -- divine ? -- Your skills at the end: Fighting Skills Weapon Skills mace [Basic] Spellcasting Skills clerical spells [Basic] Final Attributes: You were piously aligned. You were sleep resistant. You were poison resistant. You had infravision. You were adorned. You were stealthy. You are dead. Vanquished creatures: a lizard a plains centaur 2 gnome mummies 3 yellow lights a shrieker 6 gnome lords a gnomish wizard a red naga hatchling a golden naga hatchling a straw golem a little dog a kitten 7 dwarves a rothe 2 werejackals 2 iguanas an acid blob 2 hobbits 2 manes a large kobold 5 cave spiders 26 gnomes 3 gnome zombies 4 geckos 6 jackals 4 foxes a kobold 2 goblins 6 grid bugs 3 bats 8 lichens a kobold zombie 9 newts 116 creatures vanquished. Voluntary challenges: You used a wielded weapon 156 times, starting on turn 54. You read items or engraved 5 times, starting on turn 621. You never genocided any monsters. You never polymorphed an object. You never changed form. You used no wishes. You never split a pudding. You never wrote Elbereth's name. You never violated your personal moral code. Dungeon overview: The Dungeons of Doom: levels 1 to 4 Level 1 a long staircase Level 2 Level 3 an altar to Huan Ti, a fountain Level 4 a wand shop, an altar to Huan Ti stairs to The Gnomish Mines The Gnomish Mines: levels 5 to 7 Level 5 stairs to The Dungeons of Doom Level 6 Level 7 <- You were here History has recorded: On T:1 you entered the Dungeons of Doom to retrieve the Amulet of Yendor! On T:313 you reached level 2 of The Dungeons of Doom. On T:476 you advanced to experience level 2. On T:609 you reached level 3 of The Dungeons of Doom. On T:994 you advanced to experience level 3. On T:1645 you reached level 4 of The Dungeons of Doom. On T:2070 you advanced to experience level 4. On T:2441 you reached level 1 of The Gnomish Mines. On T:2506 you reached level 2 of The Gnomish Mines. On T:2523 you advanced to experience level 5. On T:3269 you advanced to experience level 6. On T:4019 you reached level 3 of The Gnomish Mines. On T:4166 you advanced to experience level 7. Score breakdown: Gold: 404 ( 8869 points) Experience: 7 levels (13645 points) Exploration: 7 levels ( 14.29%) (10606 points) Discoveries: 10 items ( 3.51%) ( 5619 points) Valuables value: (no points given unless you survive) Artifact value: 0 ( 0 points) Variety of kills: 33 monsters ( 8.66%) ( 8829 points) Turncount: 4231 turns (-1107 points) Survival: died (score multiplied by 80%) Total score: 37168 Latest messages: You put 23 gold pieces into the bag called holding. You kill the gnome! There are a few objects here. This gnome corpse tastes terrible! You finish eating the gnome corpse. C - 2 cursed darts. You drop 2 cursed darts. You stop running. The leather golem hits! (2x) You hit the leather golem. You hit the leather golem! The leather golem hits! (2x) You hit the leather golem! (2x) The leather golem hits! (2x) You miss the leather golem. (2x) The leather golem hits! (2x) You hit the leather golem! You miss the leather golem. The leather golem hits! (2x) You hit the leather golem! You miss the leather golem. The leather golem hits! (2x) You die... Final status: Goodbye Newt the Priest, killed by a leather golem... You died in The Gnomish Mines on dungeon level 7 with 37168 points, and 404 pieces of gold, after 4231 moves. You were level 7 with a maximum of 51 hit points when you died.